[Event "Titled Tuesday Blitz September 28 2021"]
[White "De Silva, L M S T"]
[Black "Kamsky, Gata"]
[WhiteFideId "9953698"]
[BlackFideId "2000024"]
[WhiteElo "2666"]
[BlackElo "2906"]
[Result "1/2-1/2"]
[Round "03"]
[TimeControl "180+1"]
[Date "2021.09.28"]
[WhiteClock "0:00:09"]
[BlackClock "0:00:09"]

1. e4 c5 2. Nf3 e6 3. d4 cxd4 4. Nxd4 a6 5. Be2 Nf6 6. Nc3 d6 7. a4 b6 8. O-O Bb7 9. Qd3 Nbd7 10. Nb3 Be7 11. f4 Rc8 12. Bf3 Qc7 13. Be3 O-O 14. Rad1 Rfd8 15. Qe2 Qb8 16. Qf2 b5 17. axb5 axb5 18. Ba7 Qa8 19. Ra1 b4 20. Nb5 Bxe4 21. Bb6 Qd5 22. Bxd8 Bxd8 23. N5d4 e5 24. fxe5 dxe5 25. Nf5 Bxf3 26. Qxf3 Qxf3 27. Rxf3 e4 28. Rff1 g6 29. Nd6 Rc6 30. Ra8 Rxd6 31. Rxd8+ Kg7 32. Nc5 Rd5 33. Nxd7 Nxd7 34. c4 bxc3 35. bxc3 Rd3 36. c4 f5 37. g3 Kf6 38. Rc1 Nc5 39. Rxd3 exd3 40. Kf2 d2 41. Rd1 Ke5 42. Ke3 Ne4 43. Ra1 g5 44. Ra5+ Ke6 45. Rd5 Nd6 46. Rd4 Nxc4+ 47. Ke2 Ne5 48. Rxd2 h5 49. Ra2 h4 50. Kf2 h3 51. Ra6+ Kd5 52. Ra5+ Ke4 53. Ra4+ Kd5 54. Ra5+ Ke4 55. Ra4+ Kd5 56. Ra5+ 1/2-1/2


[Site "https://www.chess.com"]

[Event "Titled Tuesday Blitz September 28 2021"]
[White "Demidov, Mikhail"]
[Black "Stribuk, Artiom"]
[WhiteFideId "4197143"]
[BlackFideId "13515659"]
[WhiteElo "2913"]
[BlackElo "2705"]
[Result "1-0"]
[Round "03"]
[TimeControl "180+1"]
[Date "2021.09.28"]
[WhiteClock "0:01:39"]
[BlackClock "0:00:06"]

1. Nf3 Nf6 2. g3 g6 3. Bg2 Bg7 4. O-O O-O 5. c4 c6 6. Nc3 d5 7. cxd5 cxd5 8. d4 Ne4 9. Bf4 Nxc3 10. bxc3 Nc6 11. Re1 b6 12. h4 Bb7 13. h5 Rc8 14. h6 Bh8 15. Rc1 Na5 16. Nd2 Nc4 17. e4 Nxd2 18. Qxd2 dxe4 19. Bxe4 Bxe4 20. Rxe4 e6 21. Be5 f6 22. Bf4 Re8 23. Qe2 Kf7 24. g4 Qd5 25. c4 Qd7 26. Rd1 f5 27. Re3 Bf6 28. g5 Bh8 29. d5 e5 30. Bxe5 Bxe5 31. Rxe5 Qd8 32. f4 Qd6 33. Re1 Qc5+ 34. Kg2 Rxe5 35. Qxe5 1-0


[Site "https://www.chess.com"]

[Event "Titled Tuesday Blitz September 28 2021"]
[White "Demin, Vladimir"]
[Black "Rozman, Levy"]
[WhiteFideId "4167457"]
[BlackFideId "2039877"]
[WhiteElo "2496"]
[BlackElo "2376"]
[Result "1-0"]
[Round "03"]
[TimeControl "180+1"]
[Date "2021.09.28"]
[WhiteClock "0:00:19"]
[BlackClock "0:00:02"]

1. e4 c6 2. d4 d5 3. e5 Bf5 4. Ne2 e6 5. Ng3 Bg6 6. h4 h5 7. Be2 c5 8. Nd2 Nc6 9. dxc5 Bxc5 10. Nb3 Bb6 11. Bf4 a5 12. a4 Nge7 13. c3 Nf5 14. Nxf5 Bxf5 15. Nd4 Bxd4 16. cxd4 Qb6 17. Bb5 O-O 18. Be3 Rac8 19. O-O Bg6 20. Rc1 Nb4 21. Rc3 Na2 22. Ra3 Nb4 23. Rc3 Rc7 24. Qd2 Na2 25. Rc5 Rxc5 26. dxc5 Qc7 27. f4 Nb4 28. Bd4 Qd8 29. g3 Be4 30. Rc1 Qe7 31. Kh2 Kh7 32. Be2 Bg6 33. c6 Nxc6 34. Bc5 Qd8 35. Bxf8 Qxf8 36. Bb5 Nb4 37. Rc7 Qb8 38. Qc1 d4 39. Rd7 Nd5 40. Qc5 d3 41. Rxd5 exd5 42. Qxd5 Qa7 43. Bxd3 Qf2+ 44. Kh3 Qxb2 45. e6 fxe6 46. Qxh5+ Kg8 47. Qxg6 Kf8 48. Qxe6 Qd2 49. Bg6 1-0


[Site "https://www.chess.com"]

[Event "Titled Tuesday Blitz September 28 2021"]
[White "Devaev, Alexander"]
[Black "Gabrielian, Artur"]
[WhiteFideId "4169395"]
[BlackFideId "4131002"]
[WhiteElo "2185"]
[BlackElo "2489"]
[Result "0-1"]
[Round "03"]
[TimeControl "180+1"]
[Date "2021.09.28"]
[WhiteClock "0:00:01"]
[BlackClock "0:02:05"]

1. d4 Nf6 2. c4 c5 3. d5 e6 4. Nc3 exd5 5. cxd5 d6 6. e4 g6 7. Nf3 Bg7 8. Bd3 O-O 9. h3 Re8 10. O-O Nbd7 11. Bf4 c4 12. Bc2 Nc5 13. Re1 b5 14. a3 a6 15. Qd2 Bb7 16. Rad1 Rc8 17. Kh1 Qb6 18. Nd4 Nfd7 19. Nc6 a5 20. Nd4 b4 21. Na4 Nxa4 22. Bxa4 c3 23. bxc3 bxc3 24. Qe3 Re7 25. Nc6 Bxc6 26. Bxc6 Qxe3 27. Rxe3 Ne5 28. Rxc3 f5 29. f3 fxe4 30. fxe4 Nf7 31. Rc4 Rb8 32. a4 h5 33. Bb5 Be5 34. Be3 Rf8 35. Rc6 Bg3 0-1


[Site "https://www.chess.com"]

[Event "Titled Tuesday Blitz September 28 2021"]
[White "Erdogdu, Mert"]
[Black "Lashkin, Jegor"]
[WhiteFideId "6301495"]
[BlackFideId "13907808"]
[WhiteElo "2688"]
[BlackElo "2911"]
[Result "0-1"]
[Round "03"]
[TimeControl "180+1"]
[Date "2021.09.28"]
[WhiteClock "0:01:03"]
[BlackClock "0:01:27"]

1. e4 c5 2. Nf3 d6 3. d4 cxd4 4. Nxd4 Nf6 5. Nc3 a6 6. Be3 e5 7. Nb3 Be6 8. f3 h5 9. Qd2 Nbd7 10. O-O-O Rc8 11. h3 Be7 12. Bd3 h4 13. Kb1 b5 14. f4 Qc7 15. Rhe1 O-O 16. f5 Bc4 17. Bg5 b4 18. Ne2 a5 19. Ng1 a4 20. Nc1 Bxd3 21. cxd3 b3 22. a3 d5 23. Re2 Nxe4 24. dxe4 Bxg5 25. Qxg5 Qc2+ 0-1


[Site "https://www.chess.com"]

[Event "Titled Tuesday Blitz September 28 2021"]
[White "Federzoni, Enzo"]
[Black "Tanenbaum, Zachary"]
[WhiteFideId "2173301"]
[BlackFideId "2060850"]
[WhiteElo "1956"]
[BlackElo "2165"]
[Result "0-1"]
[Round "03"]
[TimeControl "180+1"]
[Date "2021.09.28"]
[WhiteClock "0:00:31"]
[BlackClock "0:00:09"]

1. c4 e5 2. Nc3 Nf6 3. g3 Nc6 4. Bg2 Bc5 5. e3 d6 6. Nge2 O-O 7. O-O Re8 8. d4 Bb6 9. b3 Ne7 10. Bb2 Ng6 11. Re1 c6 12. Qd2 Bf5 13. Rad1 exd4 14. Nxd4 Ne4 15. Nxe4 Bxe4 16. f3 c5 17. fxe4 cxd4 18. exd4 Ba5 19. b4 Bc7 20. Kh1 Qe7 21. a4 a5 22. b5 Bb6 23. Ba3 Rac8 24. Qd3 Qe6 25. Rc1 Red8 26. Bb2 Rc7 27. Qe2 Rdc8 28. e5 dxe5 29. c5 Ba7 30. d5 Qf6 31. b6 Bxb6 32. cxb6 Qxb6 33. Rxc7 Rxc7 34. h4 h5 35. Bc3 Rxc3 36. Qxh5 Rxg3 37. Kh2 Rxg2+ 0-1


[Site "https://www.chess.com"]

[Event "Titled Tuesday Blitz September 28 2021"]
[White "Gaehwiler, Gabriel"]
[Black "Balabayeva, Xeniya"]
[WhiteFideId "1314530"]
[BlackFideId "13719688"]
[WhiteElo "2320"]
[BlackElo "1965"]
[Result "0-1"]
[Round "03"]
[TimeControl "180+1"]
[Date "2021.09.28"]
[WhiteClock "0:01:59"]
[BlackClock "0:00:30"]

1. d4 d5 2. c4 e6 3. Nf3 a6 4. Nbd2 dxc4 5. Nxc4 b5 6. Nce5 Bb7 7. g3 Nd7 8. Nd3 Ngf6 9. Bg2 Be7 10. Bg5 O-O 11. Rc1 Rc8 12. Bxf6 Bxf6 13. e3 Qe7 14. O-O c5 15. dxc5 Nxc5 16. Qe2 Nxd3 17. Qxd3 Bxb2 18. Rb1 Bf6 19. a4 b4 20. a5 Rc3 21. Qd1 Be4 22. Ra1 Rd3 23. Qa4 Bxa1 24. Rxa1 Bxf3 25. Rf1 Bxg2 26. Kxg2 Rc8 27. Rc1 Rxc1 0-1


[Site "https://www.chess.com"]

[Event "Titled Tuesday Blitz September 28 2021"]
[White "Gallego Alcaraz, Andres Felipe"]
[Black "Buscar, Michael"]
[WhiteFideId "4402669"]
[BlackFideId "2603616"]
[WhiteElo "2394"]
[BlackElo "2010"]
[Result "1-0"]
[Round "03"]
[TimeControl "180+1"]
[Date "2021.09.28"]
[WhiteClock "0:00:51"]
[BlackClock "0:00:10"]

1. Nf3 Nf6 2. c4 e6 3. g3 d5 4. Bg2 Be7 5. O-O O-O 6. Qc2 c6 7. d3 Nbd7 8. Nbd2 Re8 9. b3 e5 10. Bb2 d4 11. e3 dxe3 12. fxe3 e4 13. Nxe4 Nxe4 14. dxe4 Bc5 15. Bd4 Qe7 16. e5 Nf8 17. Rae1 Bb4 18. Re2 Bg4 19. Qe4 Bh5 20. Ref2 Bg6 21. Qg4 Bd3 22. Nh4 Qe6 23. Nf5 Qg6 24. Qxg6 fxg6 25. Nd6 Bxf1 26. Bxf1 Re7 27. c5 Nd7 28. Bc4+ Kh8 29. Nf7+ Kg8 30. Ng5+ Kh8 31. e6 Nxc5 32. Rf7 Rae8 33. Bxg7+ Kg8 34. Bf6 Rxe6 35. Rg7+ Kh8 36. Rxh7+ Kg8 37. Rh8# 1-0


[Site "https://www.chess.com"]

[Event "Titled Tuesday Blitz September 28 2021"]
[White "Garv Gaur"]
[Black "Samsonkin, Artiom"]
[WhiteFideId "45030839"]
[BlackFideId "13503111"]
[WhiteElo "1950"]
[BlackElo "2513"]
[Result "1/2-1/2"]
[Round "03"]
[TimeControl "180+1"]
[Date "2021.09.28"]
[WhiteClock "0:00:35"]
[BlackClock "0:00:05"]

1. d4 Nf6 2. Nf3 e6 3. c4 Bb4+ 4. Bd2 Qe7 5. g3 Nc6 6. Bg2 Bxd2+ 7. Nbxd2 d6 8. O-O O-O 9. Nb1 e5 10. d5 Nb8 11. Nc3 a5 12. e4 Na6 13. Ne1 Bg4 14. f3 Bd7 15. Nd3 c6 16. Qb3 Rfc8 17. Rac1 h5 18. h4 Kh7 19. Rfd1 Rg8 20. c5 dxc5 21. Na4 c4 22. Qxc4 b5 23. Qc3 bxa4 24. dxc6 Be6 25. Qxe5 Rgd8 26. Nf4 Rxd1+ 27. Rxd1 Rc8 28. Nd5 Qc5+ 29. Kh2 Rxc6 30. Nxf6+ gxf6 31. Qxf6 Rc8 32. f4 Qf2 33. f5 Rg8 34. Rd3 Bc4 35. Rf3 Qd2 36. b3 Be2 37. Qxf7+ Rg7 38. Qxh5+ Qh6 39. Qxh6+ Kxh6 40. Re3 Bg4 41. f6 Rf7 42. e5 Nc5 43. bxa4 Be6 44. a3 Nxa4 45. g4 Bxg4 46. Bd5 Rf8 47. f7 Nc5 48. e6 Nxe6 49. Bxe6 Bxe6 50. Rxe6+ Kg7 51. Ra6 Rxf7 52. Rxa5 Rf3 53. Kg2 Rb3 54. Ra6 Kh7 55. a4 Kg7 56. a5 Ra3 57. h5 Kh7 58. h6 Kh8 59. Ra7 Kg8 60. Kf2 Kh8 61. Ke2 Rh3 62. h7 Re3+ 63. Kd2 Rd3+ 64. Kc2 Rc3+ 65. Kb2 Rb3+ 66. Ka2 Ra3+ 67. Kb1 Rb3+ 68. Kc2 Rc3+ 69. Kxc3 1/2-1/2


[Site "https://www.chess.com"]

[Event "Titled Tuesday Blitz September 28 2021"]
[White "Gasanov, Zaur"]
[Black "Dmitrenko, Viktor"]
[WhiteFideId "34125970"]
[BlackFideId "14110270"]
[WhiteElo "2099"]
[BlackElo "2294"]
[Result "1-0"]
[Round "03"]
[TimeControl "180+1"]
[Date "2021.09.28"]
[WhiteClock "0:01:35"]
[BlackClock "0:00:21"]

1. d4 c6 2. Nf3 d5 3. c4 e6 4. Nc3 dxc4 5. e4 b5 6. a4 Bb4 7. axb5 cxb5 8. Bd2 Bxc3 9. Bxc3 Bb7 10. d5 Nf6 11. dxe6 Qxd1+ 12. Rxd1 fxe6 13. Ng5 O-O 14. Nxe6 Re8 15. Nc7 Rxe4+ 16. Be2 Nc6 17. Nxa8 Bxa8 18. f3 Re8 19. Kf2 Kf7 20. Rd6 Ne5 21. Bxe5 Rxe5 22. Ra1 Bd5 23. Rxa7+ Kg6 24. Rb6 Be6 25. f4 Rf5 26. Rxe6 1-0


[Site "https://www.chess.com"]

[Event "Titled Tuesday Blitz September 28 2021"]
[White "Gelman, Alexander"]
[Black "Oparin, Grigoriy"]
[WhiteFideId "4118316"]
[BlackFideId "24125890"]
[WhiteElo "2674"]
[BlackElo "2910"]
[Result "1/2-1/2"]
[Round "03"]
[TimeControl "180+1"]
[Date "2021.09.28"]
[WhiteClock "0:00:47"]
[BlackClock "0:00:09"]

1. d4 Nf6 2. Nc3 d5 3. Bf4 e6 4. Nb5 Na6 5. e3 Be7 6. g4 Ne4 7. Bd3 Nd6 8. Nf3 Nb4 9. Nxd6+ Bxd6 10. h4 Bxf4 11. exf4 Qd6 12. Qd2 Nxd3+ 13. cxd3 Bd7 14. O-O-O f6 15. Kb1 O-O-O 16. Rc1 Kb8 17. Rc3 Rc8 18. h5 c5 19. dxc5 Rxc5 20. Rxc5 Qxc5 21. h6 g6 22. g5 Rf8 23. Rc1 Qd6 24. gxf6 Rxf6 25. Ne5 Rf8 26. Qe3 d4 27. Qe4 Bb5 28. b3 a5 29. a4 Ba6 30. Kb2 Ka8 31. Rc2 Re8 32. Rc1 Qb4 33. Rc2 Rd8 34. Nf7 Rd7 35. Ne5 Rd6 36. Nc4 Bxc4 37. Rxc4 Qd2+ 38. Rc2 Qb4 39. Rc4 Qd2+ 40. Rc2 Qb4 41. Rc4 1/2-1/2


[Site "https://www.chess.com"]

[Event "Titled Tuesday Blitz September 28 2021"]
[White "Guliev, Logman"]
[Black "Moroni, Luca Jr"]
[WhiteFideId "13400061"]
[BlackFideId "865834"]
[WhiteElo "2514"]
[BlackElo "2795"]
[Result "1-0"]
[Round "03"]
[TimeControl "180+1"]
[Date "2021.09.28"]
[WhiteClock "0:00:48"]
[BlackClock "0:01:13"]

1. e4 g6 2. d4 Bg7 3. Nc3 d6 4. f4 Nf6 5. Nf3 O-O 6. Bd3 Nc6 7. O-O e5 8. fxe5 dxe5 9. d5 Ne7 10. Bg5 h6 11. Bh4 c6 12. Nxe5 cxd5 13. exd5 Nexd5 14. Nxd5 Qxd5 15. Bxf6 Bxf6 16. Rxf6 Qxe5 17. Qf3 Bg4 18. Qf2 Kg7 19. Re1 Qd5 20. Re7 Rae8 21. Rxg6+ Kh8 22. Qf6+ Kh7 23. Qg7# 1-0


[Site "https://www.chess.com"]

[Event "Titled Tuesday Blitz September 28 2021"]
[White "Hansen, Eric"]
[Black "Moksh Amit Doshi"]
[WhiteFideId "2606771"]
[BlackFideId "25064967"]
[WhiteElo "2890"]
[BlackElo "2647"]
[Result "0-1"]
[Round "03"]
[TimeControl "180+1"]
[Date "2021.09.28"]
[WhiteClock "0:00:04"]
[BlackClock "0:00:26"]

1. Nf3 d5 2. g3 g6 3. Bg2 Bg7 4. O-O Nf6 5. d3 O-O 6. c4 c5 7. Nc3 Nc6 8. cxd5 Nxd5 9. Bd2 b6 10. Nxd5 Qxd5 11. Bc3 Bb7 12. Ne5 Qd6 13. Nc4 Qc7 14. Rc1 Rad8 15. a3 Bxc3 16. bxc3 Ne5 17. Bxb7 Nxc4 18. Bg2 Ne5 19. a4 Nc6 20. Qb3 e5 21. Rfd1 Kg7 22. e3 Qd6 23. Qb5 Na5 24. d4 exd4 25. cxd4 cxd4 26. Rxd4 Qf6 27. Rf4 Qe7 28. h4 h5 29. Bf3 Rd7 30. Qb2+ Kg8 31. Re4 Qd6 32. Kg2 Rfd8 33. g4 hxg4 34. Rxg4 Qd2 35. Rc2 Qe1 36. h5 Rd2 37. Rxd2 Rxd2 38. Rxg6+ fxg6 39. Bd5+ Rxd5 40. Qf6 Rd7 41. Qe6+ Kf8 42. Qxd7 gxh5 43. Qf5+ Ke8 44. Qxh5+ Kd8 45. Qd5+ Kc7 46. Qf7+ Kc6 47. Qxa7 Qd1 48. Qb8 Qg4+ 49. Kf1 Qc4+ 50. Kg2 Qd5+ 51. Kg1 Kc5 52. Qf4 Nc6 53. e4 Qd1+ 54. Kg2 Qd4 55. Qf5+ Qe5 56. Qf3 Nd4 57. Qc3+ Kd6 58. f3 Qg7+ 59. Kf1 Qf6 60. Kf2 Qh4+ 61. Ke3 Nc6 62. Qd2+ Kc7 63. Qc3 Qg5+ 64. Kf2 Qh4+ 65. Ke2 Qh2+ 66. Kf1 Qe5 67. Qxe5+ Nxe5 68. Ke2 Kd6 69. f4 Nc4 70. Kd3 Nb2+ 71. Kc3 Nxa4+ 72. Kb4 Nc5 73. Kb5 Kc7 74. e5 Nd7 75. e6 Nf6 76. f5 Kb7 77. Kc4 Kc6 78. Kd4 Kd6 79. Kc4 Kc6 80. Kd4 Kd6 81. Kc4 Ne8 82. Kb5 Kc7 83. Kb4 Kc6 84. Kc3 Kd5 85. Kb4 Kc6 86. Kc3 Kc5 87. Kb3 b5 88. Kc3 b4+ 89. Kb3 Kb5 90. e7 Kc5 91. Kb2 Kc4 92. Kc2 b3+ 93. Kb1 Kb4 94. Kb2 Kc4 95. Kb1 Kc3 96. Kc1 Nf6 97. Kb1 b2 98. e8=Q Nxe8 99. f6 Nxf6 100. Ka2 Kc2 101. Ka3 b1=Q 102. Ka4 Qb6 103. Ka3 Qb3# 0-1


[Site "https://www.chess.com"]

[Event "Titled Tuesday Blitz September 28 2021"]
[White "Harshavardhan G B"]
[Black "Vusatiuk, Vladimir"]
[WhiteFideId "25059009"]
[BlackFideId "14118610"]
[WhiteElo "1825"]
[BlackElo "2167"]
[Result "1-0"]
[Round "03"]
[TimeControl "180+1"]
[Date "2021.09.28"]
[WhiteClock "0:02:09"]
[BlackClock "0:02:03"]

1. e4 c5 2. Nc3 Nc6 3. Nf3 d6 4. d4 cxd4 5. Nxd4 Nf6 6. Bg5 Bd7 7. Qd2 Rc8 8. O-O-O Nxd4 9. Qxd4 Qa5 10. f4 Rxc3 11. Bxf6 Rc8 12. Bxg7 e5 13. Bxe5 Rg8 14. Bxd6 Qxa2 15. Bxf8 Qa1+ 16. Kd2 Qa5+ 17. Bb4 Qc7 18. Qe5+ Qxe5 19. fxe5 Bb5 20. Bxb5+ 1-0


[Site "https://www.chess.com"]

[Event "Titled Tuesday Blitz September 28 2021"]
[White "Hasman, Cengiz"]
[Black "Quispe Arteaga, Gabriel"]
[WhiteFideId "413364"]
[BlackFideId "32059809"]
[WhiteElo "2020"]
[BlackElo "2192"]
[Result "0-1"]
[Round "03"]
[TimeControl "180+1"]
[Date "2021.09.28"]
[WhiteClock "0:00:09"]
[BlackClock "0:00:09"]

1. d4 Nf6 2. c4 e6 3. Bg5 h6 4. Bh4 Bb4+ 5. Nd2 g5 6. Bg3 Ne4 7. Nf3 Nc6 8. e3 h5 9. h4 g4 10. a3 Bxd2+ 11. Nxd2 Nxg3 12. fxg3 b6 13. Bd3 Bb7 14. O-O Qe7 15. b4 f5 16. c5 bxc5 17. bxc5 Nd8 18. Rb1 Bc6 19. Nc4 Nf7 20. Na5 Bd5 21. Bc4 Be4 22. Rb2 O-O 23. Kh2 Rab8 24. Rb4 Rxb4 25. axb4 Rb8 26. Qd2 Kg7 27. Ra1 Nh8 28. Nb3 Ng6 29. Qe1 Ra8 30. Nd2 Bb7 31. b5 Qf6 32. Nb3 Be4 33. Nd2 Bb7 34. Qf2 e5 35. d5 f4 36. Ra2 Rf8 37. exf4 exf4 38. Ne4 Qe5 39. Ng5 Nxh4 40. Ne6+ dxe6 41. Re2 fxg3+ 42. Qxg3 Qxg3+ 43. Kxg3 Nf5+ 44. Kh2 exd5 45. Re7+ Nxe7 46. Bxd5 Bxd5 47. c6 Bxc6 48. b6 axb6 49. Kg3 b5 50. Kh4 b4 51. Kxh5 b3 52. Kxg4 b2 0-1


[Site "https://www.chess.com"]

[Event "Titled Tuesday Blitz September 28 2021"]
[White "Hess, Robert"]
[Black "Kiselev, Vitaliy"]
[WhiteFideId "2022036"]
[BlackFideId "4194128"]
[WhiteElo "2557"]
[BlackElo "2444"]
[Result "0-1"]
[Round "03"]
[TimeControl "180+1"]
[Date "2021.09.28"]
[WhiteClock "0:00:02"]
[BlackClock "0:00:23"]

1. e4 c5 2. Nc3 Nc6 3. Nf3 e5 4. Bc4 d6 5. d3 Be7 6. O-O Nf6 7. Ng5 O-O 8. f4 exf4 9. Bxf4 Ne5 10. Bb3 h6 11. Nf3 Ng6 12. Be3 Be6 13. d4 c4 14. d5 cxb3 15. dxe6 fxe6 16. axb3 a6 17. h3 Nd7 18. Nd4 Rxf1+ 19. Qxf1 Ngf8 20. Qe2 Rc8 21. Rf1 Qe8 22. Qg4 Ne5 23. Qg3 Kh7 24. Nce2 Bf6 25. Nf4 Ned7 26. Qg4 e5 27. Nh5 Qg6 28. Nxf6+ gxf6 29. Qxg6+ Kxg6 30. Nf5 Rxc2 31. Bxh6 Ne6 32. Rf3 Ndc5 33. Rg3+ Kf7 34. Nxd6+ Ke7 35. Nf5+ Kd7 36. Be3 Nxe4 37. Rg8 Rxb2 38. Rh8 Rxb3 39. Rh7+ Kc6 40. Re7 Nc7 41. h4 Nd5 42. Re6+ Kd7 43. Ng7 Nxe3 44. h5 Ng4 45. Kf1 Ng3+ 46. Ke1 Nxh5 0-1


[Site "https://www.chess.com"]

[Event "Titled Tuesday Blitz September 28 2021"]
[White "Holt, Conrad"]
[Black "Korchmar, Vasiliy"]
[WhiteFideId "2034387"]
[BlackFideId "24131750"]
[WhiteElo "2864"]
[BlackElo "2613"]
[Result "1-0"]
[Round "03"]
[TimeControl "180+1"]
[Date "2021.09.28"]
[WhiteClock "0:00:14"]
[BlackClock "0:00:01"]

1. d4 Nf6 2. c4 c6 3. Nc3 d5 4. e3 e6 5. Bd3 dxc4 6. Bxc4 b5 7. Bd3 a6 8. Ne4 Nxe4 9. Bxe4 Bb7 10. Nf3 Nd7 11. Qc2 Rc8 12. O-O Nf6 13. Nd2 Qd7 14. Rd1 c5 15. Bxb7 Qxb7 16. dxc5 Bxc5 17. Qb3 O-O 18. Nf1 Ne4 19. Bd2 Rfd8 20. Ba5 Bb6 21. Qb4 Rc4 22. Bxb6 Qxb6 23. Qe7 Rf8 24. Rac1 h5 25. Ng3 Nxg3 26. hxg3 Qc6 27. Rxc4 Qxc4 28. b3 Qc2 29. Rd8 Rxd8 30. Qxd8+ Kh7 31. Qa5 Qd1+ 32. Kh2 Qd6 33. a4 Qc6 34. axb5 axb5 35. Qb4 Qd5 36. Qc3 Qg5 37. f3 h4 38. Qd3+ g6 39. g4 Qe5+ 40. f4 Qb2 41. g5 Qf2 42. Qc3 Qg3+ 43. Kh1 h3 44. gxh3 Qxh3+ 45. Kg1 Qg3+ 46. Kf1 Qf3+ 47. Ke1 Qd5 48. Ke2 Qg2+ 49. Kd3 Qd5+ 50. Kc2 Qg2+ 51. Kd3 Qd5+ 52. Ke2 Qg2+ 53. Ke1 Qg1+ 54. Kd2 Qg2+ 55. Kc1 Qh1+ 56. Kb2 Qd5 57. Ka3 Kg8 58. Kb4 Qf5 59. Ka5 Qd5 60. Kb6 1-0


[Site "https://www.chess.com"]

[Event "Titled Tuesday Blitz September 28 2021"]
[White "Ibrahimli, Murad"]
[Black "Karttunen, Mika"]
[WhiteFideId "13410229"]
[BlackFideId "502081"]
[WhiteElo "2109"]
[BlackElo "2343"]
[Result "1-0"]
[Round "03"]
[TimeControl "180+1"]
[Date "2021.09.28"]
[WhiteClock "0:00:09"]
[BlackClock "0:00:03"]

1. Nf3 Nf6 2. c4 g6 3. Nc3 Bg7 4. e4 d6 5. d4 O-O 6. Be2 e5 7. Be3 Nc6 8. d5 Ne7 9. Nd2 Nd7 10. b4 f5 11. f3 f4 12. Bf2 g5 13. c5 Nf6 14. Rc1 Ne8 15. a4 Rf6 16. a5 Rg6 17. Nb5 a6 18. cxd6 axb5 19. dxe7 Qxe7 20. Bxb5 Nd6 21. Be2 h5 22. Qc2 Ne8 23. Qc5 Qd8 24. Bb5 Bf8 25. Qc3 Nd6 26. Be2 Nf7 27. h3 Bd6 28. Nc4 Bd7 29. Nxd6 cxd6 30. Bb6 Qe8 31. Kd2 g4 32. hxg4 hxg4 33. Qc7 Bb5 34. Bd1 Ba6 35. Qc3 Qb5 36. Kc2 Kg7 37. Kb1 Kf6 38. fxg4 Ng5 39. Bc2 Rgg8 40. Rh6+ Kg7 41. Rxd6 Nf7 42. Bc5 Rac8 43. Rb6 Qe2 44. Qb2 Qxg2 45. b5 f3 46. bxa6 bxa6 47. Bd3 Qxg4 48. Rg1 Qxg1+ 49. Bxg1 Kf8 50. Qb4+ Kg7 51. Bf2 Kh7 52. Qe7 Rg7 53. Qh4+ Kg8 54. Qh3 Rd8 55. Qxf3 1-0


[Site "https://www.chess.com"]

[Event "Titled Tuesday Blitz September 28 2021"]
[White "Iskusnyh, Sergei"]
[Black "LEGENYA1998"]
[WhiteFideId "4120027"]
[WhiteElo "2492"]
[BlackElo "2427"]
[Result "1-0"]
[Round "03"]
[TimeControl "180+1"]
[Date "2021.09.28"]
[WhiteClock "0:00:51"]
[BlackClock "0:00:49"]

1. d4 d5 2. c4 Nc6 3. Nf3 Bg4 4. cxd5 Bxf3 5. gxf3 Qxd5 6. e3 e5 7. Nc3 Bb4 8. Bd2 Bxc3 9. bxc3 exd4 10. cxd4 Nge7 11. Rb1 b6 12. Rc1 O-O 13. Bc4 Qh5 14. f4 Qh3 15. Bf1 Qf5 16. Bg2 Qb5 17. Qb3 Qh5 18. Rxc6 Nxc6 19. Bxc6 Rad8 20. Bb4 Rfe8 21. Bxe8 Rxe8 22. Qa4 Re6 23. Qd7 h6 24. Rg1 Qxh2 25. Rg3 c5 26. dxc5 bxc5 27. Bc3 Rg6 28. Rxg6 1-0


[Site "https://www.chess.com"]

[Event "Titled Tuesday Blitz September 28 2021"]
[White "Jain Kashish Manoj"]
[Black "Maly, Alexey"]
[WhiteFideId "35081098"]
[BlackFideId "14103184"]
[WhiteElo "1681"]
[BlackElo "2250"]
[Result "1/2-1/2"]
[Round "03"]
[TimeControl "180+1"]
[Date "2021.09.28"]
[WhiteClock "0:01:50"]
[BlackClock "0:02:03"]

1. Nf3 c5 2. g3 Nc6 3. Bg2 g6 4. O-O Bg7 5. c4 e6 6. Nc3 Nge7 7. Ne4 d6 8. d3 O-O 9. Bg5 f6 10. Bf4 e5 11. Bd2 b6 12. Qc1 Bb7 13. Bh6 d5 14. cxd5 Nxd5 15. Bxg7 Kxg7 16. Nc3 Nd4 17. Nxd4 cxd4 18. Nxd5 Bxd5 19. Bxd5 Qxd5 20. Qc7+ Rf7 21. Qc2 Rff8 22. Rfc1 Qd7 23. Qc7 Rfd8 24. Rc6 1/2-1/2


[Site "https://www.chess.com"]

[Event "Titled Tuesday Blitz September 28 2021"]
[White "Jobava, Baadur"]
[Black "Pires, Marcos Vinicius Torsani"]
[WhiteFideId "13601520"]
[BlackFideId "2118939"]
[WhiteElo "2731"]
[BlackElo "2273"]
[Result "1-0"]
[Round "03"]
[TimeControl "180+1"]
[Date "2021.09.28"]
[WhiteClock "0:00:26"]
[BlackClock "0:00:05"]

1. d4 d5 2. Nc3 Nf6 3. Bf4 e6 4. Nb5 Na6 5. e3 Be7 6. Nf3 O-O 7. h3 c6 8. Nc3 c5 9. a3 Bd6 10. Bg5 Nb8 11. dxc5 Bxc5 12. Bd3 Nc6 13. O-O h6 14. Bh4 Be7 15. Re1 b6 16. e4 dxe4 17. Nxe4 Bb7 18. Bxf6 Bxf6 19. c3 Qe7 20. Qe2 Rfd8 21. Rad1 g6 22. Nxf6+ Qxf6 23. Be4 Na5 24. b4 Nc6 25. Qe3 Kg7 26. c4 Rxd1 27. Rxd1 Rd8 28. Rxd8 Nxd8 29. Bxb7 Nxb7 30. Ne5 Nd6 31. c5 bxc5 32. bxc5 Nf5 33. Qe4 Qd8 34. Qb7 Qe7 35. c6 Kf6 36. Qb2 Qc7 37. Nd7+ Kg5 38. Qf6+ Kf4 39. Qc3 e5 40. g3+ Kg5 41. h4+ Kg4 42. Nxe5+ Kh3 43. g4+ Kxh4 44. gxf5 gxf5 45. Qg3+ Kh5 46. f4 Qe7 47. Qh3+ 1-0


[Site "https://www.chess.com"]

[Event "Titled Tuesday Blitz September 28 2021"]
[White "Kaminski, Victor"]
[Black "Sychev, Klementy"]
[WhiteFideId "1131630"]
[BlackFideId "4114060"]
[WhiteElo "2432"]
[BlackElo "2794"]
[Result "0-1"]
[Round "03"]
[TimeControl "180+1"]
[Date "2021.09.28"]
[WhiteClock "0:00:01"]
[BlackClock "0:00:41"]

1. d4 Nf6 2. c4 c5 3. d5 e6 4. Nc3 exd5 5. cxd5 d6 6. Nf3 g6 7. g3 Bg7 8. Bg2 O-O 9. O-O Re8 10. Bf4 Bf5 11. Nh4 Bg4 12. h3 Nh5 13. hxg4 Nxf4 14. gxf4 Qxh4 15. e3 Nd7 16. Qf3 Bxc3 17. bxc3 Nf6 18. g5 Ne4 19. Rfc1 h6 20. gxh6 Qxh6 21. Qh3 Qg7 22. Bxe4 Rxe4 23. Qg2 Rc4 24. Rab1 Rxc3 25. Rxc3 Qxc3 26. Rxb7 Qa1+ 27. Kh2 Kg7 28. Qe4 Rh8+ 29. Kg3 Qg1+ 30. Qg2 Qd1 31. Qe4 Qh5 32. Rxf7+ Kxf7 33. Qe6+ Kg7 34. Qe7+ Kh6 35. Qf6 Rg8 36. f3 Kh7 37. Qe6 g5 38. f5 g4 0-1


[Site "https://www.chess.com"]

[Event "Titled Tuesday Blitz September 28 2021"]
[White "Kollars, Dmitrij"]
[Black "Madaminov, Mukhiddin"]
[WhiteFideId "12909572"]
[BlackFideId "14210703"]
[WhiteElo "2910"]
[BlackElo "2683"]
[Result "1-0"]
[Round "03"]
[TimeControl "180+1"]
[Date "2021.09.28"]
[WhiteClock "0:00:15"]
[BlackClock "0:00:01"]

1. d4 Nf6 2. Nf3 e6 3. Bg5 h6 4. Bh4 Be7 5. Nbd2 d5 6. Bxf6 Bxf6 7. e4 O-O 8. Bd3 c5 9. e5 Be7 10. c3 Nc6 11. dxc5 Bxc5 12. Qe2 d4 13. Nb3 dxc3 14. bxc3 Be7 15. O-O Bd7 16. Qe4 g6 17. h4 Be8 18. Rad1 Qb6 19. h5 Rd8 20. Qg4 Kg7 21. hxg6 f5 22. exf6+ Rxf6 23. Nbd4 Nxd4 24. cxd4 Bc6 25. Be4 Rdf8 26. Rfe1 Bxe4 27. Qxe4 Bd6 28. Rb1 Qd8 29. Rxb7+ Kg8 30. d5 e5 31. Nxe5 Rf4 32. Ng4 Bc7 33. Qe6+ Kh8 34. d6 Rxg4 35. Rxc7 Rxg2+ 36. Kxg2 Qg5+ 37. Kf1 1-0


[Site "https://www.chess.com"]